 Dungeon Crawl Stone Soup version 0.29-a0-825-g72347fce65 (webtiles) character file.

Game seed: 11090218154633676145

87312 Malachi the Fencer (level 15, 0/106 HPs)
             Began as a Demonspawn Gladiator on July 11, 2022.
             Was the Champion of Hepliaklqana.
             Shot with an arrow by Nessos (6 damage)
             ... on level 14 of the Dungeon.
             The game lasted 00:43:35 (26608 turns).

Malachi the Fencer (Demonspawn Gladiator)          Turns: 26608, Time: 00:43:36

Health: 0/106      AC: 33    Str: 20    XL:     15   Next: 43%
Magic:  15/15      EV:  5    Int: 12    God:    Hepliaklqana [******]
Gold:   489        SH:  0    Dex: 26    Spells: 14/14 levels left

rFire   + . .      SeeInvis .   g - +5 triple sword "Oraxeif" {flame, rElec rF- Will+ Int+2}
rCold   + . .      Faith    .   (shield currently unavailable)
rNeg    . . .      Spirit   .   e - +9 scales of the Dragon King {rPois rF+ rC+ Will+}
rPois   +          Reflect  .   (helmet unavailable)
rElec   +          Harm     .   c - +0 cloak
rCorr   .          Rampage  .   N - +1 pair of gloves
Will    +++..                   u - +0 pair of boots
Stlth   ..........              (no amulet)
HPRegen 0.27/turn               n - ring of protection from fire
MPRegen 0.14/turn               P - +6 ring of strength

@: lethally poisoned (0 -> -6), studying Armour
A: reduced essence, horns 3, thin skeletal structure 2, ignite blood 2, spiny 2,
augmentation 2
a: Renounce Religion, Recall Ancestor, Ancestor Identity, Transference, Idealise


You were on level 14 of the Dungeon.
You worshipped Hepliaklqana.
Hepliaklqana was exalted by your worship.
You visited 3 branches of the dungeon, and saw 21 of its levels.
You also visited: Bailey and Ice Cave.

You collected 1986 gold pieces.
You spent 1497 gold pieces at shops.

Inventory:

Hand Weapons
 g - the +5 triple sword "Oraxeif" (weapon) {flame, rElec rF- Will+ Int+2}
   (You found it in a bailey)

   It burns those it strikes, dealing additional fire damage.
   Big, fiery blades are also staple armaments of hydra-hunters.
   Int:       It affects your intelligence (+2).
   rF:        It makes you vulnerable to fire.
   rElec:     It insulates you from electricity.
   Will:      It increases your willpower.
Missiles
 d - 6 throwing nets (quivered)
 F - 6 javelins
 L - 6 curare-tipped darts
Armour
 c - a +0 cloak (worn)
 e - the +9 scales of the Dragon King (worn) {rPois rF+ rC+ Will+}
   (You bought it in a shop on level 14 of the Dungeon)

   rF:        It protects you from fire.
   rC:        It protects you from cold.
   rPois:     It protects you from poison.
   Will:      It increases your willpower.
 u - a +0 pair of boots (worn)
 I - the +6 chain mail of Mimpuar {rPois}
   (You found it in a bailey)

   rPois:     It protects you from poison.
 N - a +1 pair of gloves (worn)
 V - the +3 warlock's mirror {reflect}
   (You acquired it on level 13 of the Dungeon)

   It can block and reflect piercing ranged attacks and magical attacks against
   the wielder's willpower.
Jewellery
 l - a ring of resist corrosion
 n - a ring of protection from fire (left hand)
 q - a ring of protection from cold
 s - a ring of protection from cold
 w - a +6 ring of intelligence
 z - a ring of willpower
 A - a ring of ice
 G - a ring of flight
 P - a +6 ring of strength (right hand)
Wands
 p - a wand of digging (4)
 y - a wand of flame (20)
 M - a wand of iceblast (29)
 R - a wand of polymorph (10)
Scrolls
 a - 5 scrolls of identify
 b - 8 scrolls of teleportation
 f - 2 scrolls of enchant weapon
 h - 6 scrolls of amnesia
 k - 3 scrolls of immolation
 o - a scroll of poison
 v - a scroll of fog
 x - 2 scrolls of magic mapping
 K - 2 scrolls of vulnerability
Potions
 i - 3 potions of magic
 j - 10 potions of haste
 m - 11 potions of curing
 r - 5 potions of might
 t - 4 potions of attraction
 B - a potion of ambrosia
 C - 3 potions of resistance
 D - 5 potions of flight
 O - a potion of heal wounds
 S - a potion of brilliance
 T - a potion of invisibility
 U - a potion of cancellation
Miscellaneous
 H - a phantom mirror
 Q - a phial of floods


   Skills:
 + Level 11.0 Fighting
 * Level 20.7 Long Blades
 - Level 1.7 Throwing
 * Level 12.6 Armour
 - Level 2.6 Dodging
 - Level 1.0 Stealth
 - Level 0.5 Evocations


You had 14 spell levels left.
You didn't know any spells.
Your spell library contained the following spells:

 Spells                   Type           Power      Damage    Failure   Level
 Apportation              Tloc           0%         N/A       100%        1
 Necrotise                Necr           0%         1d4       100%        1
 Sting                    Tmut/Pois      0%         1d3       100%        1
 Summon Small Mammal      Summ           0%         N/A       100%        1
 Call Canine Familiar     Summ           0%         N/A       100%        3
 Portal Projectile        Hex/Tloc       0%         N/A       100%        3
 Summon Guardian Golem    Hex/Summ       0%         N/A       100%        3
 Vampiric Draining        Necr           0%         2d6       100%        3
 Animate Armour           Summ/Erth      0%         N/A       100%        4
 Animate Dead             Necr           0%         N/A       100%        4
 Corpse Rot               Necr/Pois/Air  0%         N/A       100%        4
 Dispel Undead            Necr           0%         3d6       100%        4
 Fulminant Prism          Conj/Hex       0%         3d6       100%        4
 Hailstorm                Conj/Ice       0%         3d3       100%        4
 Ice Form                 Ice/Tmut       0%         N/A       100%        4
 Iskenderun's Mystic Bla  Conj/Tloc      0%         2d3       100%        4
 Leda's Liquefaction      Hex/Erth       0%         N/A       100%        4
 Agony                    Necr           0%         N/A       100%        5
 Alistair's Intoxication  Tmut/Pois      0%         N/A       100%        5
 Borgnjor's Vile Clutch   Necr/Erth      0%         N/A       100%        5
 Lee's Rapid Deconstruct  Erth           0%         3d5*      100%        5
 Death Channel            Necr           0%         N/A       100%        6
 Simulacrum               Ice/Necr       0%         N/A       100%        6
 Statue Form              Tmut/Erth      0%         N/A       100%        6
 Orb of Destruction       Conj           0%         9d5       100%        7
 Spellforged Servitor     Conj/Summ      0%         N/A       100%        7


Dungeon Overview and Level Annotations

Branches:
Dungeon (14/15)            Temple (0/1) D:5            Lair (6/6) D:10
  Swamp (0/4) Lair:2        Snake (1/4) Lair:2        Slime (0/5) Lair:6
    Orc (0/2) D:10         Vaults (0/5) D:13         Bailey (visited)
  IceCv (visited)

Altars:
Cheibriados
Dithmenos
Fedhas
Hepliaklqana
Makhleb
Okawaru
Ru
Sif Muna
Uskayaw
Vehumet
Yredelemnul
Jiyva
Lugonu

Shops:
D:4 =   D:14 [

Portals:
Abyss: Lair:6

Annotations:
D:14 Nessos


Innate Abilities, Weirdness & Mutations

Your life essence is reduced to manifest your ancestor. (-10% HP)
You have a pair of large horns on your head.
You have a moderately thin skeletal structure. (Dex +4, Stealth++)
Your demonic aura often causes spilled blood to erupt in flames.
You are mostly covered in sharp spines.
Your magical and physical power is enhanced at high health.


Message History

Louise is lightly wounded.
Louise is struck by your spines.
Louise hits you with a +4 morningstar of freezing.
The centaur shoots an arrow.
The arrow hits you but does no damage. Louise blocks your attack.
Your headbutt misses Louise.
Louise is lightly wounded.
The centaur shoots an arrow.
The arrow hits you.
Louise hits you with a +4 morningstar of freezing!
* * * LOW HITPOINT WARNING * * *
Louise freezes you.
* * * LOW HITPOINT WARNING * * *
Nessos casts a spell.
Nessos blinks!
You slice Louise!! You burn Louise!
Louise is heavily wounded.
Nessos intently looks at you, slowly moving their tail.
The centaur shoots an arrow.
The arrow hits you but does no damage.
Louise is engulfed in blazing flames.
Louise hits you with a +4 morningstar of freezing.
* * * LOW HITPOINT WARNING * * *
The centaur shoots an arrow.
The arrow hits you but does no damage.
You carve Louise like a ham!!! You burn Louise!
You kill Louise!
Nessos shoots an arrow.
The arrow hits you!
* * * LOW HITPOINT WARNING * * *
The arrow burns you.
You are poisoned.
* * * LOW HITPOINT WARNING * * *
The centaur shoots an arrow.
The arrow hits you but does no damage.
Blink to where?
Press: ? - help, Dir - move target
As you read the scroll of blinking, it crumbles to dust.
* * * LOW HITPOINT WARNING * * *
You feel very sick.
Nessos shoots an arrow.
The arrow closely misses you.
* * * LOW HITPOINT WARNING * * *
You feel very sick.
Nessos shoots an arrow.
The arrow hits you but does no damage.
Nessos shoots an arrow.
The arrow hits you.
You die...

####### ### #......
#.### #.....c #<..####
#...... #......# ....c
#......# ..c #@##...#
#c#####.##...#
#.°).○☼).....#
#.#####○##...########...
...
#>...c...............
.....
#.##.##...####.#.....
....... # #.......# #.#
#... ....... #..######
#.# #... .......
#.#..#########.###...


You could see Nessos (fast).

Vanquished Creatures
  Louise (D:14)
  A reaper (IceCv)
  The ghost of Sat the Thaumaturge, a journeyman DjFE of Makhleb (D:11)
  Josephine (Lair:5)
  An ice dragon (D:13)
  Fannar (D:12)
  5 centaur warriors
  3 boulder beetles
  6 hydras
  4 two-headed ogres
  5 death yaks
  3 thrashing horrors (Lair:6)
  A deep elf pyromancer (D:14)
  6 ugly things
  2 cyclopes
  2 manticores (D:12)
  17 elephants
  A black mamba (shapeshifter) (D:13)
  7 black mambas
  2 ice statues (IceCv)
  2 smoke demons (Lair:6)
  7 cane toads
  An eye of devastation (Lair:6)
  3 centaur skeletons (D:13)
  A yaktaur (D:13)
  Psyche (D:9)
  10 komodo dragons
  3 freezing wraiths
  5 kobold demonologists
  3 rime drakes
  6 ice devils (IceCv)
  An anaconda simulacrum (IceCv)
  4 trolls
  Grinder (D:4)
  4 polar bears
  A wolf spider simulacrum (D:13)
  4 slime creatures (D:12)
  32 blink frogs
  7 dream sheep (Lair:6)
  6 wraiths
  2 shadows
  2 spriggans (Lair:6)
  3 wyverns
  A dire elephant simulacrum (IceCv)
  3 ynoxinuls (Lair:6)
  6 hogs
  40 yaks
  10 small abominations (Lair:6)
  2 large abominations (Lair:6)
  5 basilisks
  A steam dragon (D:8)
  A death yak simulacrum (IceCv)
  7 vampire mosquitoes
  Menkaure (D:5)
  A human (D:12)
  2 harpy simulacra
  3 acid dragons
  Duvessa (D:4)
  26 water moccasins
  A swamp drake (Lair:2)
  10 orc warriors
  An ice beast (D:6)
  2 black bears
  A tengu (shapeshifter) (D:14)
  2 ogres
  A wolf (Lair:5)
  14 centaurs
  6 boggarts
  3 phantoms
  4 kobold brigands
  2 gnoll sergeants
  12 bullfrogs
  A necrophage (D:4)
  A two-headed ogre simulacrum (IceCv)
  4 scorpions
  A water moccasin zombie (D:4)
  Dowan (D:4)
  4 killer bees (D:9)
  15 wights
  2 elephant simulacra (IceCv)
  2 electric eels
  3 howler monkeys (D:8)
  A bullfrog zombie (D:4)
  3 jellies
  A human zombie (D:4)
  15 orc priests
  4 hounds
  Crazy Yiuf (D:4)
  Ijyb (D:4)
  7 iguanas
  12 orc wizards
  A scorpion zombie (D:4)
  4 spriggan simulacra (IceCv)
  A wolf simulacrum (IceCv)
  A troll simulacrum (IceCv)
  4 mummies (D:4)
  8 gnolls
  A naga simulacrum (IceCv)
  7 adders
  2 shadow imps (D:6)
  18 white imps
  3 ufetubi
  An adder zombie (D:4)
  A worm (D:5)
  4 dart slugs
  44 orcs
  13 ball pythons
  10 endoplasms
  2 giant cockroaches
  11 goblins
  14 hobgoblins
  4 jackals (D:5)
  25 kobolds
  3 quokkas (D:1)
  3 bats
  2 frilled lizards (D:1)
  5 rats
619 creatures vanquished.

Vanquished Creatures (collateral kills)
  Roxanne (D:14)
  A boulder beetle (D:13)
  2 hydras
  A death yak (Lair:4)
  A skeletal warrior (D:13)
  4 elephants
  A smoke demon (Lair:6)
  A centaur skeleton (D:13)
  A komodo dragon (Lair:6)
  An ice devil (IceCv)
  An ancient zyme (Lair:6)
  A slime creature (D:12)
  2 blink frogs
  4 yaks
  A basilisk (Lair:6)
  A chaos spawn (Lair:6)
  The ghost of capka3m the Magician, an amateur MeEE (D:3)
  A floating eye (Lair:6)
  An ice beast (D:7)
  2 boggarts
  A kobold brigand (D:13)
  A bullfrog (Lair:5)
  A scorpion (D:7)
  An elephant simulacrum (IceCv)
  2 electric eels
  A hound (D:6)
  2 gnolls (D:10)
  A naga simulacrum (IceCv)
  A shadow imp (D:6)
  A dart slug (D:3)
  8 orcs
  A bat (D:11)
  A hobgoblin (D:11)
  7 kobolds
58 creatures vanquished.

Vanquished Creatures (others)
  Kirke (D:14)
  3 hexers
  56 fungi
  72 plants
132 creatures vanquished.

Grand Total: 809 creatures vanquished

Notes
Turn   | Place    | Note
-------+----------+-------------------------------------------
     0 | D:1      | Malachi the Demonspawn Gladiator began the quest for the
                  | Orb.
     0 | D:1      | Reached XP level 1. HP: 16/16 MP: 1/1
   125 | D:1      | Reached skill level 3 in Long Blades
   194 | D:1      | Gained mutation: Your demonic aura sometimes causes spilled
                  | blood to erupt in flames. [demonic ancestry]
   194 | D:1      | Reached XP level 2. HP: 10/22 MP: 2/2
   725 | D:1      | Gained mutation: You are partially covered in sharp spines.
                  | [demonic ancestry]
   725 | D:1      | Reached XP level 3. HP: 27/27 MP: 3/3
   955 | D:2      | Found a faded altar of an unknown god.
   967 | D:2      | Got Plato's Discourse on Blight
  1166 | D:2      | Reached skill level 4 in Long Blades
  1543 | D:2      | Gained mutation: You have a somewhat thin skeletal
                  | structure. (Dex +2, Stealth+) [demonic ancestry]
  1543 | D:2      | Reached XP level 4. HP: 31/33 MP: 4/4
  1914 | D:3      | Noticed capka3m's ghost (amateur MeEE)
  1914 | D:3      | Found a transporter.
  1914 | D:3      | Found a transporter.
  1988 | D:3      | Reached skill level 1 in Armour
  2266 | D:3      | Found a hazy altar of Hepliaklqana.
  2274 | D:3      | Found a snail-covered altar of Cheibriados.
  2275 | D:3      | Found a radiant altar of Vehumet.
  2276 | D:3      | Found a shadowy altar of Dithmenos.
  2277 | D:3      | Found a burning altar of Makhleb.
  2319 | D:3      | Became a worshipper of Hepliaklqana the Forgotten
  2459 | D:4      | Noticed an ogre
  2655 | D:4      | Gained mutation: You are mostly covered in sharp spines.
                  | [demonic ancestry]
  2655 | D:4      | Reached XP level 5. HP: 8/38 MP: 5/5
  2909 | D:4      | Reached skill level 5 in Long Blades
  2920 | D:4      | Found a basalt altar of Yredelemnul.
  2940 | D:4      | Reached XP level 6. HP: 27/46 MP: 6/6
  2969 | D:4      | Noticed Dowan
  3229 | D:4      | Noticed Duvessa
  3268 | D:4      | HP: 2/46 [ogre/+0 giant club (25)]
  3271 | D:4      | Reached skill level 6 in Long Blades
  3273 | D:4      | Found Uhiomoapp's Jewellery Boutique.
  3308 | D:4      | Killed Duvessa
  3309 | D:4      | Gained mutation: Your demonic aura often causes spilled
                  | blood to erupt in flames. [demonic ancestry]
  3309 | D:4      | Reached XP level 7. HP: 28/52 MP: 7/7
  3482 | D:4      | Killed Dowan
  4367 | D:4      | Reached skill level 7 in Long Blades
  4625 | D:4      | Noticed Ijyb
  4631 | D:4      | Killed Ijyb
  4669 | D:4      | Reached * piety under Hepliaklqana
  4826 | D:4      | Noticed Grinder
  4833 | D:4      | Killed Grinder
  4834 | D:4      | Gained mutation: You have a pair of small horns on your
                  | head. [demonic ancestry]
  4834 | D:4      | Reached XP level 8. HP: 35/53 MP: 8/8
  5025 | D:4      | Found a runed translucent door.
  5026 | D:4      | Noticed Crazy Yiuf
  5031 | D:4      | Killed Crazy Yiuf
  5352 | D:3      | Killed capka3m's ghost
  5545 | D:5      | Entered Level 5 of the Dungeon
  5648 | D:5      | Reached skill level 8 in Long Blades
  5960 | D:5      | Noticed Menkaure
  5970 | D:5      | Killed Menkaure
  5971 | D:5      | Reached skill level 1 in Stealth
  6199 | D:5      | Found an iron altar of Okawaru.
  6203 | D:5      | Reached ** piety under Hepliaklqana
  6204 | D:5      | Remembered your ancestor Nammahani as a hexer
  6374 | D:5      | Found a staircase to the Ecumenical Temple.
  6516 | D:6      | Found a transporter.
  6516 | D:6      | Noticed a kobold demonologist
  6595 | D:6      | Found a sacrificial altar of Ru.
  6612 | D:6      | Reached skill level 5 in Armour
  6612 | D:6      | Gained mutation: You have a pair of horns on your head.
                  | [demonic ancestry]
  6612 | D:6      | Reached XP level 9. HP: 55/60 MP: 9/9
  6679 | D:6      | Reached skill level 9 in Long Blades
  6794 | D:6      | Reached skill level 5 in Fighting
  6975 | D:6      | Found a transporter.
  6984 | D:6      | Noticed a kobold demonologist
  7486 | D:6      | Noticed a hellwing
  7505 | D:6      | HP: 1/61 [shadow imp/nerve-wracking pain (12)]
  7541 | D:6      | Killed a kobold demonologist
  7587 | D:6      | Reached skill level 10 in Long Blades
  7588 | D:6      | Noticed a rust devil
  7595 | D:6      | Noticed a sixfirhy
  7596 | D:6      | Killed a kobold demonologist
  8090 | D:7      | Found a flagged portal.
  8317 | Bailey   | Entered a bailey
  8450 | Bailey   | Reached XP level 10. HP: 27/68 MP: 10/10
  8484 | Bailey   | Reached skill level 11 in Long Blades
  8892 | Bailey   | Identified the +6 chain mail of Mimpuar {rPois}
  9008 | Bailey   | Reached *** piety under Hepliaklqana
  9011 | Bailey   | Identified the +5 triple sword "Oraxeif" {flame, rElec rF-
                  | Will+ Int+2}
 10126 | D:8      | Found a blossoming altar of Fedhas.
 10435 | D:9      | Noticed a sun demon
 10441 | D:9      | Reached skill level 12 in Long Blades
 10559 | D:9      | Found a shimmering blue altar of Sif Muna.
 10724 | D:9      | Noticed Psyche
 10730 | D:9      | Killed Psyche
 10747 | D:9      | Reached **** piety under Hepliaklqana
 11100 | D:10     | Entered Level 10 of the Dungeon
 11100 | D:10     | Noticed a two-headed ogre
 11104 | D:10     | Killed a two-headed ogre
 11105 | D:10     | Gained mutation: You have a moderately thin skeletal
                  | structure. (Dex +4, Stealth++) [demonic ancestry]
 11105 | D:10     | Reached XP level 11. HP: 70/74 MP: 11/11
 11140 | D:10     | Found a staircase to the Lair.
 11156 | D:10     | Reached skill level 13 in Long Blades
 11204 | Lair:1   | Entered Level 1 of the Lair of Beasts
 11318 | Lair:1   | You fall into a shaft and drop 1 floor!
 11421 | Lair:2   | Found a staircase to the Snake Pit.
 11739 | Lair:2   | Reached skill level 14 in Long Blades
 11951 | Lair:1   | Found a frozen archway.
 11965 | IceCv    | Entered an ice cave
 13086 | IceCv    | Noticed a reaper
 13093 | IceCv    | Gained mutation: Your magical and physical power is
                  | slightly enhanced at high health. [demonic ancestry]
 13093 | IceCv    | Reached XP level 12. HP: 62/82 MP: 12/12
 13130 | IceCv    | Killed a reaper
 13131 | IceCv    | Reached skill level 15 in Long Blades
 13625 | Lair:1   | Reached ***** piety under Hepliaklqana
 14324 | Lair:2   | Noticed an eight-headed hydra
 14327 | Lair:2   | Killed a seven-headed hydra
 14452 | Lair:2   | Found a staircase to the Swamp.
 15025 | Snake:1  | Entered Level 1 of the Snake Pit
 15277 | Lair:3   | Reached skill level 16 in Long Blades
 15941 | Lair:4   | Noticed a death yak
 15941 | Lair:4   | Noticed a death yak
 15941 | Lair:4   | Noticed a death yak
 15941 | Lair:4   | Noticed a death yak
 15941 | Lair:4   | Noticed a death yak
 15941 | Lair:4   | Noticed a death yak
 15946 | Lair:3   | Killed a death yak
 15948 | Lair:3   | Killed a death yak
 16234 | Lair:4   | Gained mutation: Your magical and physical power is
                  | enhanced at high health. [demonic ancestry]
 16234 | Lair:4   | Reached XP level 13. HP: 37/89 MP: 13/13
 16522 | Lair:4   | Reached skill level 17 in Long Blades
 17782 | Lair:5   | Noticed Josephine
 17789 | Lair:5   | Killed Josephine
 17799 | Lair:5   | Reached skill level 18 in Long Blades
 18826 | Lair:5   | Identified a scroll of acquirement
 18827 | Lair:5   | Acquired a manual of Armour
 18842 | Lair:6   | Entered Level 6 of the Lair of Beasts
 18999 | Lair:6   | Paralysed by a floating eye for 2 turns
 19002 | Lair:6   | Reached XP level 14. HP: 87/97 MP: 14/14
 19054 | Lair:6   | Reached ****** piety under Hepliaklqana
 19364 | Lair:6   | Found a staircase to the Slime Pits.
 19365 | Lair:6   | Found a viscous altar of Jiyva.
 19429 | Lair:6   | Reached skill level 10 in Armour
 19670 | Lair:6   | Reached skill level 19 in Long Blades
 20402 | Lair:6   | Reached skill level 10 in Fighting
 21146 | Lair:6   | Found a corrupted altar of Lugonu.
 21146 | Lair:6   | Found a one-way gate to the infinite horrors of the Abyss.
 21588 | D:10     | Found a staircase to the Orcish Mines.
 22005 | D:11     | Found a runed translucent gate.
 22005 | D:11     | Found a runed translucent gate.
 22005 | D:11     | Found a runed translucent gate.
 22005 | D:11     | Noticed Sat's ghost (journeyman DjFE)
 22025 | D:11     | Killed Sat's ghost
 22252 | D:11     | Found a sacrificial altar of Ru.
 22660 | D:12     | Noticed Fannar
 22668 | D:12     | Killed Fannar
 22920 | D:12     | Found a hide-covered altar of Uskayaw.
 23203 | D:12     | Reached skill level 20 in Long Blades
 23836 | D:13     | Gained mutation: You have a pair of large horns on your
                  | head. [demonic ancestry]
 23836 | D:13     | Reached XP level 15. HP: 90/105 MP: 15/15
 23850 | D:13     | HP: 3/105 [yaktaur/bolt (23)]
 24307 | D:13     | Found a gate to the Vaults.
 24551 | D:13     | Found an iron altar of Okawaru.
 25174 | D:13     | Acquired the +3 warlock's mirror {reflect}
 25174 | D:13     | Found the +3 warlock's mirror {reflect}
 25274 | D:14     | Noticed Kirke
 25283 | D:14     | Killed Kirke
 25585 | D:14     | Found Isumm's Armour Boutique.
 25599 | D:14     | Bought the +9 scales of the Dragon King {rPois rF+ rC+
                  | Will+} for 1497 gold pieces
 25599 | D:14     | Found the +9 scales of the Dragon King {rPois rF+ rC+
                  | Will+}
 25949 | D:14     | Identified Roxanne's Book of the Caves
 25949 | D:14     | Noticed Roxanne
 25966 | D:14     | Killed Roxanne
 26380 | D:14     | Noticed Louise
 26589 | D:14     | Noticed Nessos
 26606 | D:14     | Killed Louise
 26608 | D:14     | Shot with an arrow by Nessos

Illustrated notes

Levels and vault maps discovered:
D:1:      dpeg_arrival_rooms_with_view, layout_rooms, serial_curves,
          eino_curves_02, eino_curves_02, chequers_serial_rivers_micro_d,
          minmay_surrounded
D:2:      layout_loops_ring, shapermc_ecumenical_altar_rom_forum,
          amcnicky_mini_pool_small, dk_noncrumbling_4, roderic_serpentine_path
D:3:      layout_rooms, mainiacjoe_overflow_catwalk, minitemple,
          gammafunk_ghost_arena
D:4:      layout_layer_cave, lemuel_mausoleum_altar_yredelemnul,
          portal_sewer_entry_d, serial_shops, nicolae_shop_crystal,
          uniq_duvessa, uniq_ijyb, uniq_grinder, uniq_crazy_yiuf_cottage
D:5:      layout_basic, amcnicky_altar_gilded, minmay_temple_entry_nine_rooms,
          uniq_menkaure
D:6:      gammafunk_wand_slinger, layout_loops_ring,
          mainiacjoe_overflow_cross_hatched
D:7:      layout_basic, enter_bailey_2
D:8:      layout_rooms, lemuel_doored_altar, minivault_11
D:9:      layout_roguey, mainiacjoe_overflow_brackets,
          chequers_serial_rivers_small_3, uniq_psyche
D:10:     layout_cave_pools, due_lair_maze_entry_diamond, hiddenorc2_lemuel,
          minmay_misc_feat_enclosed
D:11:     layout_basic, gammafunk_ghost_hydra_chop,
          nicolae_ru_great_annihilating_truth
D:12:     layout_gridville, grunt_livestock, hangedman_decor_growths,
          nicolae_uskayaw_murder_on_the_dancefloor, uniq_fannar
D:13:     minmay_coctagon, layout_irregular_city,
          hangedman_vaults_entry_quadrant_bands, okawaru_trees_2
D:14:     layout_basic, serial_shops, shop, kennysheep_small_spiral,
          pdpol_wu_jian_five_deadly_venoms, uniq_kirke, uniq_roxanne,
          uniq_nessos, uniq_louise
Lair:1:   layout_cave_pods, portal_ice_cave_entry_imps, dpeg_stationary_puzzle,
          infiniplex_staircase_pool
Lair:2:   layout_cave_pods, minmay_swamp_entry_reptiles,
          minmay_snake_entry_six_corridors
Lair:3:   layout_gridlike, grunt_megastairs_5, lemuel_fruit_fields,
          infiniplex_staircase_pool_2
Lair:4:   layout_cave_pods, serial_bayou_pond_a, grunt_megastairs_4
Lair:5:   layout_regular_city, serial_bayou_pond_c, kilobyte_rumbling_trees,
          uniq_josephine
Lair:6:   hellmonk_lair_end_abyssal_woods, layout_small_grid,
          minmay_slime_entry_eyes
Snake:1:  layout_grid_shapes, nicolae_shop_gadgets, lemuel_fruit_tree,
          nicolae_integral_box, serial_bayou_shore_a

Skill      XL: |  1  2  3  4  5  6  7  8  9 10 11 12 13 14 15 |
---------------+----------------------------------------------+-----
Long Blades    | 3 4 5 6 7 8 10 12 14 16 18 20 | 20.7
Armour         | 1 2 3 5 6 7 8 9 11 12 | 12.6
Fighting       | 3 4 5 6 7 8 9 10 11 | 11.0
Stealth        | 1 |  1.0
Throwing       | |  1.7
Dodging        | |  2.6
Evocations     | |  0.5

Action                   |  1- 3 |  4- 6 |  7- 9 | 10-12 | 13-15 || total
-------------------------+-------+-------+-------+-------+-------++-------
Melee: Long sword        |    97 |   101 |   194 |    18 |       ||   410
       Punch             |       |     1 |     2 |       |       ||     3
       Headbutt          |       |       |    28 |    64 |   121 ||   213
       Triple sword      |       |       |       |   285 |   478 ||   763
Invok: Ancestor Life: He |       |       |     1 |       |       ||     1
       Recall Ancestor   |       |       |       |     1 |       ||     1
Evoke: Wand              |       |       |     3 |     1 |       ||     4
  Use: Scroll            |       |     8 |     9 |     4 |    17 ||    38
       Potion            |       |     2 |     3 |     5 |     5 ||    15
 Stab: Distracted        |       |       |     3 |     4 |    15 ||    22
       Confused          |       |       |     2 |     7 |    11 ||    20
       Sleeping          |       |       |       |     1 |       ||     1
       Paralysed         |       |       |       |       |     4 ||     4
Armor: Chain mail        |    52 |    42 |   113 |   194 |       ||   401
       Leather armour    |     3 |       |       |       |       ||     3
       Crystal plate arm |       |       |       |    32 |   352 ||   384
       Gold dragon scale |       |       |       |       |    33 ||    33
Dodge: Dodged            |    34 |    35 |    69 |   100 |   112 ||   350

Table legend: (Time is in decaauts)
 A = Elapsed time spent in this place.
 B = Non-inter-level travel time spent in this place.
 C = Inter-level travel time spent in this place.
 D = Time resting spent in this place.
 E = Time spent auto-exploring this place.
 F = Levels seen in this place.
 G = Mean time per level.
                   A        B        C        D        E       F      G
               +--------+--------+--------+--------+--------+-----+--------+
         Total |  26641 |  25566 |   1075 |   4788 |  16695 |  23 | 1158.3 |
       Dungeon |  15785 |  15184 |    601 |   2480 |  10258 |  14 | 1127.5 |
          Lair |   8644 |   8171 |    473 |   1153 |   6012 |   6 | 1440.7 |
     Snake Pit |      1 |      1 |      0 |      0 |      0 |   1 |    1.0 |
        Bailey |    701 |    701 |      0 |    381 |      0 |   1 |  701.0 |
      Ice Cave |   1507 |   1507 |      0 |    774 |    425 |   1 | 1507.0 |
               +--------+--------+--------+--------+--------+-----+--------+

Top non-repeatable levels by time:
     D:4: 2550 daAuts
  Lair:6: 2395 daAuts
    D:13: 1790 daAuts
  Lair:4: 1659 daAuts
   IceCv: 1507 daAuts
  Lair:2: 1406 daAuts
     D:6: 1359 daAuts
    D:14: 1192 daAuts
  Lair:5: 1105 daAuts
  Lair:3: 1096 daAuts
     D:3: 1075 daAuts
     D:7: 1050 daAuts
     D:2: 1008 daAuts
    D:12: 1000 daAuts
  Lair:1: 980 daAuts
